AoeStats
← 只会打步弓

Arena

509870225Analyzed
4v4 RM · 4d ago on Sep 28, 2026· 29m 12s· 8 players
Game mode
Random Map
Map size
Large (8 player)
Population
200
Speed
Normal
Resources
Standard
Victory
Conquest
Starting age
Dark Age
Ending age
Imperial Age
RankedLock teamsTeams togetherTeam positionsShared explorationLock speedFull tech treeHidden civsTurbo modeCheats
Victory
Defeat
🇩🇿 Maya · Algeria
1642
+11
🇨🇳 Turks · China
1527
+16
🇩🇿 Saracens · Algeria
1516
+16
🇨🇳 Malay · China
1496
+17
🇨🇳 Huns · China
1542
-16
🇨🇳 Burmese · China
1522
-15
🇨🇳 Lithuanians · China
1517
-15
🇨🇳 Bohemians · China
1503
-14
LUCKY
11:09 Feudal Age
14:39 Castle Age
13:00 Horse Collar
15:09 Double-Bit Axe
16:15 Bow Saw
16:56 Fletching
17:12 Loom
18:01 Stone Mining
只会种田
9:36 Feudal Age
11:16 Double-Bit Axe
13:47 Castle Age
18:45 Bow Saw
18:46 Horse Collar
22:59 Loom
23:51 Wheelbarrow
26:50 Imperial Age
26:15 Scale Barding Armor
26:54 Cavalier
27:35 Husbandry
27:46 Bloodlines
28:15 Conscription
27:52 Gold Mining
29:15 Chain Barding Armor
29:41 Forging
只会打步弓
11:27 Feudal Age
15:21 Castle Age
13:07 Horse Collar
13:13 Double-Bit Axe
20:58 Imperial Age
19:07 Bow Saw
20:58 Chemistry
25:22 Two-Man Saw
27:43 Loom
28:10 Loom
小胖子
11:18 Feudal Age
15:07 Castle Age
14:49 Gold Mining
15:01 Horse Collar
16:05 Loom
20:39 Padded Archer Armor
Jozzif
10:26 Feudal Age
14:02 Castle Age
11:56 Horse Collar
12:32 Double-Bit Axe
15:09 Bow Saw
19:03 Wheelbarrow
18:16 Town Watch
18:17 Loom
19:53 Gold Mining
24:26 Scale Barding Armor
25:42 Bloodlines
25:33 Husbandry
26:04 Chain Barding Armor
26:10 Husbandry
32:09 Imperial Age
29:53 Forging
word.exe
12:11 Feudal Age
12:29 Loom
15:27 Castle Age
26:35 Double-Bit Axe
26:32 Horse Collar
Sandwich
10:54 Feudal Age
14:57 Castle Age
13:21 Double-Bit Axe
13:32 Horse Collar
16:02 Bow Saw
15:52 Heavy Plow
17:25 Wheelbarrow
18:07 Heavy Plow
22:02 Hand Cart
22:33 Scale Barding Armor
26:43 Man-at-Arms
29:58 Imperial Age
28:02 Bloodlines
27:53 Husbandry
29:55 Chain Barding Armor
29:45 Forging
hl.exe
0:26 Loom
8:44 Feudal Age
9:30 Double-Bit Axe
13:36 Fletching
16:19 Padded Archer Armor
19:04 Gold Mining
22:57 Castle Age
22:57 Crossbowman
23:33 Bodkin Arrow
24:38 Wheelbarrow
24:55 Leather Archer Armor
27:32 Masonry
28:30 Scale Mail Armor
Connection lost

Rejoining the realm…

Still unreachable

The connection could not be restored.

Session expired

The server has moved on; the page needs a fresh start.